 Dungeon Crawl Stone Soup version 0.27.1-1-g398f81649c (webtiles) character file.

Game seed: 665596770837364637

212 MisterFreud the Shield-Bearer (level 5, -13/47 HPs)
             Began as a Gnoll Fighter on Sept 6, 2021.
             Was a Believer of Wu Jian.
             Mangled by an ogre (16 damage)
             ... on level 4 of the Dungeon.
             The game lasted 00:03:34 (3202 turns).

MisterFreud the Shield-Bearer (Gnoll Fighter)       Turns: 3202, Time: 00:03:34

Health: -13/47     AC: 10    Str: 21    XL:     5   Next: 89%
Magic:  7/7        EV:  8    Int:  6    God:    Wu Jian [**....]
Gold:   92         SH:  0    Dex: 12    Spells: 7/7 levels left

rFire    . . .     SeeInvis .   p - +4 quarterstaff "Cyafikhi" {venom, rElec Str+6 Int-2}
rCold    . . .     Faith    .   (shield currently unavailable)
rNeg     . . .     Spirit   .   f - +0 chain mail
rPois    .         Reflect  .   (no helmet)
rElec    +         Harm     .   (no cloak)
rCorr    .         Rampage  .   (no gloves)
Will     .....                  (no boots)
Stlth    ..........             (no amulet)
HPRegen  0.15/turn              (no ring)
MPRegen  0.10/turn              (no ring)

@: no status effects
A: fangs 1, strong nose, distributed training
a: Renounce Religion, Wall Jump


You were on level 4 of the Dungeon.
You worshipped Wu Jian.
Wu Jian was pleased with you.
You visited 1 branch of the dungeon, and saw 4 of its levels.

You collected 92 gold pieces.

Inventory:

Hand Weapons
 a - a +0 rapier
 p - the +4 quarterstaff "Cyafikhi" (weapon) {venom, rElec Str+6 Int-2}
   (You found it on level 4 of the Dungeon)

   It poisons the flesh of those it strikes.
   Str:       It affects your strength (+6).
   Int:       It affects your intelligence (-2).
   rElec:     It insulates you from electricity.
Missiles
 i - 11 poisoned darts (quivered)
Armour
 c - a +0 kite shield
 f - a +0 chain mail (worn)
Scrolls
 b - a scroll of teleportation {unknown}
 e - a scroll of amnesia
 j - a scroll of enchant armour {unknown}
 l - a scroll of blinking {unknown}
Potions
 d - a potion of might
 g - 2 potions of flight {unknown}
 h - a potion of curing {unknown}
 k - a potion of berserk rage {unknown}
 m - a potion of degeneration {unknown}
 n - a potion of attraction {unknown}
 o - a potion of invisibility {unknown}


   Skills:
 + Level 6.7 Fighting
 + Level 4.8 Short Blades
 + Level 1.6 Long Blades
 + Level 1.6 Axes
 + Level 1.6 Maces & Flails
 + Level 1.6 Polearms
 + Level 1.6 Staves
 + Level 1.6 Slings
 + Level 1.6 Bows
 + Level 1.6 Crossbows
 + Level 1.6 Throwing
 + Level 6.7 Armour
 + Level 1.6 Dodging
 + Level 1.6 Stealth
 + Level 6.7 Shields
 + Level 1.6 Unarmed Combat
 + Level 1.6 Spellcasting
 + Level 1.3 Conjurations
 + Level 1.3 Hexes
 + Level 1.3 Summonings
 + Level 1.3 Necromancy
 + Level 1.3 Translocations
 + Level 1.3 Transmutations
 + Level 1.3 Fire Magic
 + Level 1.3 Ice Magic
 + Level 1.3 Air Magic
 + Level 1.3 Earth Magic
 + Level 1.3 Poison Magic
 + Level 1.9 Invocations
 + Level 1.6 Evocations


You had 7 spell levels left.
You didn't know any spells.
Your spell library contained the following spells:

 Spells                   Type           Power      Damage    Failure   Level
 Fireball                 Conj/Fire      1%         3d3       100%        5
 Starburst                Conj/Fire      1%         6d3       100%        6
 Ignition                 Fire           1%         3d3       100%        8


Dungeon Overview and Level Annotations

Branches:
Dungeon (4/15)
 Temple: D:4-7

Altars:
Fedhas
Wu Jian
Yredelemnul


Innate Abilities, Weirdness & Mutations

You have very sharp teeth.
Your uncanny sense of smell can sniff out nearby items.
Your experience applies equally to all skills.


Message History

Okay, then.
Unknown command.
You start removing your armour.
You continue taking off your +0 kite shield. x4
You finish taking off your +0 kite shield.
You feel stronger.
You feel stupid.
The +4 quarterstaff "Cyafikhi" {venom, rElec Str+6 Int-2} begins to drip with poison!
p - the +4 quarterstaff "Cyafikhi" (weapon)
{venom, rElec Str+6 Int-2} You start resting.
HP restored.
You see here a +0 club.
You open the door.
There is an open door here.
You enter the shallow water.
Moving in this stuff is going to be slow.
An ogre comes into view. It is wielding a +0 giant club.
An ogre is nearby!
An ogre is nearby!
A hobgoblin comes into view.
The hobgoblin shouts!
A black bear comes into view.
Found 19 stones.
You sock the ogre!
The ogre is poisoned.
The ogre is moderately wounded.
The ogre hits you but does no damage.
You barely miss the ogre. You bite the ogre.
The ogre is heavily wounded.
The ogre hits you with a +0 giant club!!
Ouch! That really hurt!
You completely miss the ogre. Your bite misses the ogre.
The ogre is heavily wounded.
The ogre hits you with a +0 giant club!!
* * * LOW HITPOINT WARNING * * *
You hit the ogre.
The ogre looks as sick as possible!
You bite the ogre, but do no damage.
The ogre is heavily wounded.
The hobgoblin hits you but does no damage.
The ogre hits you with a +0 giant club!
You die...

...≈≈≈.≈.......######
..≈≈≈≈≈.....####
##≈≈≈≈.....#
##≈≈≈≈≈.....#
##≈≈≈≈≈≈.....#
#≈≈≈≈≈≈.≈#####
≈≈≈≈≈≈..## .
#####...###....
#..@.......
#.gO....... ∆
.......h.....
...............
...............
...............
...............
....(..........


You could see a black bear, an ogre (extremely poisoned) and a hobgoblin.

Vanquished Creatures
  An ogre (D:4)
  5 adders
  A worm (D:2)
  6 dart slugs
  3 orcs
  4 bats
  6 endoplasms
  4 giant cockroaches
  A goblin (D:1)
  7 hobgoblins
  7 jackals (D:1)
  2 quokkas
  4 ball pythons
  5 frilled lizards (D:1)
  5 kobolds
  5 rats
66 creatures vanquished.

Notes
Turn   | Place    | Note
-------+----------+-------------------------------------------
     0 | D:1      | MisterFreud the Gnoll Fighter began the quest for the Orb.
     0 | D:1      | Reached XP level 1. HP: 23/23 MP: 1/1
    28 | D:1      | Found a faded altar of an unknown god.
    43 | D:1      | Became a worshipper of the Wu Jian Council
    43 | D:1      | Reached * piety under Wu Jian
   188 | D:1      | Reached XP level 2. HP: 29/29 MP: 2/2
   472 | D:1      | Reached XP level 3. HP: 35/35 MP: 3/3
   911 | D:2      | Reached ** piety under Wu Jian
   912 | D:2      | Reached skill level 1 in Invocations
  1220 | D:2      | Reached skill level 1 in Long Blades
  1220 | D:2      | Reached skill level 1 in Axes
  1220 | D:2      | Reached skill level 1 in Maces & Flails
  1220 | D:2      | Reached skill level 1 in Polearms
  1220 | D:2      | Reached skill level 1 in Staves
  1220 | D:2      | Reached skill level 1 in Slings
  1220 | D:2      | Reached skill level 1 in Bows
  1220 | D:2      | Reached skill level 1 in Crossbows
  1220 | D:2      | Reached skill level 1 in Throwing
  1220 | D:2      | Reached skill level 1 in Dodging
  1220 | D:2      | Reached skill level 1 in Stealth
  1220 | D:2      | Reached skill level 1 in Unarmed Combat
  1220 | D:2      | Reached skill level 1 in Spellcasting
  1220 | D:2      | Reached skill level 1 in Evocations
  1250 | D:2      | Reached XP level 4. HP: 37/41 MP: 5/5
  1379 | D:2      | Found a basalt altar of Yredelemnul.
  1572 | D:2      | Reached skill level 1 in Conjurations
  1572 | D:2      | Reached skill level 1 in Hexes
  1572 | D:2      | Reached skill level 1 in Summonings
  1572 | D:2      | Reached skill level 1 in Necromancy
  1572 | D:2      | Reached skill level 1 in Translocations
  1572 | D:2      | Reached skill level 1 in Transmutations
  1572 | D:2      | Reached skill level 1 in Fire Magic
  1572 | D:2      | Reached skill level 1 in Ice Magic
  1572 | D:2      | Reached skill level 1 in Air Magic
  1572 | D:2      | Reached skill level 1 in Earth Magic
  1572 | D:2      | Reached skill level 1 in Poison Magic
  2015 | D:3      | Reached XP level 5. HP: 47/47 MP: 6/6
  2203 | D:3      | Found a blossoming altar of Fedhas.
  2890 | D:4      | Noticed an ogre
  2903 | D:4      | Killed an ogre
  2905 | D:4      | Identified the +4 quarterstaff "Cyafikhi" {venom, rElec
                  | Str+6 Int-2}
  3195 | D:4      | Noticed an ogre
  3197 | D:4      | Noticed a black bear
  3202 | D:4      | Mangled by an ogre

Illustrated notes

Levels and vault maps discovered:
D:1:      dpeg_arrival_solitude, layout_loops_cross,
          ebering_ecumenical_altar_petrified
D:2:      layout_loops_ring, basic_altar
D:3:      layout_basic, fedhas_altar_2, bh_walls_and_bars
D:4:      layout_basic, chequers_serial_rivers_large_a

Skill      XL: |  1  2  3  4 |
---------------+-------------+-----
Invocations    | 1 |  1.9
Long Blades    | 1 |  1.6
Axes           | 1 |  1.6
Maces & Flails | 1 |  1.6
Polearms       | 1 |  1.6
Staves         | 1 |  1.6
Slings         | 1 |  1.6
Bows           | 1 |  1.6
Crossbows      | 1 |  1.6
Throwing       | 1 |  1.6
Dodging        | 1 |  1.6
Stealth        | 1 |  1.6
Unarmed Combat | 1 |  1.6
Spellcasting   | 1 |  1.6
Evocations     | 1 |  1.6
Conjurations   | 1 |  1.3
Hexes          | 1 |  1.3
Summonings     | 1 |  1.3
Necromancy     | 1 |  1.3
Translocations | 1 |  1.3
Transmutations | 1 |  1.3
Fire Magic     | 1 |  1.3
Ice Magic      | 1 |  1.3
Air Magic      | 1 |  1.3
Earth Magic    | 1 |  1.3
Poison Magic   | 1 |  1.3
Fighting       | |  6.7
Short Blades   | |  4.8
Armour         | |  6.7
Shields        | |  6.7

Action                   |  1- 3 |  4- 6 || total
-------------------------+-------+-------++-------
Melee: Rapier            |   118 |   104 ||   222
       Bite              |     7 |    10 ||    17
       Quarterstaff      |       |     4 ||     4
Invok: Lunge             |     7 |     4 ||    11
       Whirlwind         |     1 |     1 ||     2
  Use: Scroll            |     1 |       ||     1
Armor: Scale mail        |    23 |       ||    23
       Chain mail        |    14 |    42 ||    56
Dodge: Dodged            |    25 |    13 ||    38
Block: Kite shield       |    54 |    55 ||   109
